[Event "*** Titled Tuesday Blitz"]
[Site "Chess.com"]
[Date "2021.04.27"]
[Round "2"]
[White "Chessbard1972"]
[Black "AlexSuv"]
[Result "0-1"]
[WhiteElo "2253"]
[BlackElo "2565"]
[TimeControl "180+1"]
[EndTime "10:18:16 PDT"]
[Termination "AlexSuv won by resignation"]

1. d4 Nf6 2. c4 e6 3. Nf3 d5 4. Bg5 dxc4 5. Qa4+ Nbd7 6. Qxc4 a6 7. a4 h6 8. Bh4 Be7 9. Nc3 O-O 10. e4 Nb6 11. Qb3 Nh5 12. Bxe7 Qxe7 13. a5 Nd7 14. Bc4 b5 15.
axb6 cxb6 16. O-O Bb7 17. Rfe1 b5 18. Bf1 Rac8 19. Rad1 Rfd8 20. d5 Nc5 21. Qb4 Qf8 22. Qd4 exd5 23. Nxd5 Nf4 24. Qe5 Nxd5 25. exd5 Qd6 26.
Qf5 Re8 27. b4 Na4 28. Rxe8+ Rxe8 29. Qg4 Nc3 30. Rd2 Nxd5 31. h4 Qe7 32. Bd3 Nxb4 33.
Bf5 Bxf3 34. Qxf3 Qe1+ 35. Kh2 Qxd2 0-1

[Event "*** Titled Tuesday Blitz"]
[Site "Chess.com"]
[Date "2021.04.27"]
[Round "2"]
[White "Pertinhez76"]
[Black "queen_iryna"]
[Result "0-1"]
[WhiteElo "2104"]
[BlackElo "2386"]
[TimeControl "180+1"]
[EndTime "10:18:16 PDT"]
[Termination "queen_iryna won on time"]

1. d4 d6 2. e4 Nf6 3. Nc3 e5 4. Nge2 Nc6 5. d5 Ne7 6. g3 Ng6 7. Bg2 Bd7 8. Bg5 h6 9. Be3 Qc8 10. h4 h5 11. a4 Ng4 12. Bg5 Be7 13. Bxe7 Nxe7 14. Qd3 a6 15. a5 Ng6 16. Nd1 f5 17.
Ne3 f4 18. gxf4 Nxf4 19. Nxf4 exf4 20. Nxg4 Bxg4 21. e5 O-O 22. e6 f3 23. Bf1 c6 24.
c4 cxd5 25. cxd5 Bxe6 26. dxe6 Qxe6+ 27. Kd1 Rac8 28. Bh3 Qe5 29. Rb1 Rc5 30. Re1 Rd5 0-1

[Event "*** Titled Tuesday Blitz"]
[Site "Chess.com"]
[Date "2021.04.27"]
[Round "2"]
[White "salomez"]
[Black "Redbandit87"]
[Result "0-1"]
[WhiteElo "2111"]
[BlackElo "2393"]
[TimeControl "180+1"]
[EndTime "10:18:17 PDT"]
[Termination "Redbandit87 won on time"]

1. e4 c5 2. Nf3 Nc6 3. Bb5 g6 4. O-O Bg7 5. Re1 d6 6. h3 Nf6 7. c3 O-O 8. d4 cxd4 9. cxd4 a6 10. Bf1 Bd7 11. Nc3 b5 12. Bf4 Qb6 13. e5 Nh5 14.
Nd5 Qd8 15. exd6 exd6 16. Bxd6 Re8 17. Bc7 Qc8 18. Rc1 Rxe1 19. Qxe1 Qb7 20. Bh2 Re8 21. Qd2 Nxd4 22. Nc7 Nxf3+ 23. gxf3 Rd8 24. Rd1 Bf6 25. Bg2 Bc6 26. Qc2 Bxf3 27. Rxd8+ Bxd8 28. Bf1 Bxc7 29. Qxc7 Qxc7 30. Bxc7 Bd5 31. a4 bxa4 32. Bxa6 Nf6 33. Bb5 Bb3 34. Be5 Nd5 35. Kf1 f6 36. Bd4 Kf7 37. Bc6 Ke6 38. Bxd5+ Bxd5 0-1

[Event "*** Titled Tuesday Blitz"]
[Site "Chess.com"]
[Date "2021.04.27"]
[Round "2"]
[White "YoreDea"]
[Black "TigrVShlyape"]
[Result "0-1"]
[WhiteElo "2560"]
[BlackElo "2839"]
[TimeControl "180+1"]
[EndTime "10:18:18 PDT"]
[Termination "TigrVShlyape won by resignation"]

1. e4 e5 2. Nf3 Nc6 3. d4 exd4 4. Bc4 Nf6 5. O-O Nxe4 6. Re1 d5 7. Bxd5 Qxd5 8.
Nc3 Qh5 9. Nxe4 Be6 10. Bg5 h6 11. Bf6 Qd5 12. Nxd4 Nxd4 13. Qxd4 Qxd4 14. Bxd4 O-O-O 15. c3 b6 16. b3 Rg8 17. Rad1 Be7 18. f3 Kb7 19. Kf2 a5 20. Be3 Rxd1 21. Rxd1 a4 22.
c4 axb3 23. axb3 Ra8 24. Bd4 Bf8 25. Ra1 Rd8 26. Bc3 f5 27. Nd2 Bc5+ 28. Ke2 g5 29. Rd1 Ra8 30. Ra1 Rd8 31. Bg7 Rg8 32. Bf6 Bd6 33.
g3 h5 34. Nf1 f4 35. Kf2 Bh3 36. Re1 Rg6 37. Be5 Bc5+ 38. Ke2 Re6 39. Kd2 Bxf1 0-1

[Event "*** Titled Tuesday Blitz"]
[Site "Chess.com"]
[Date "2021.04.27"]
[Round "2"]
[White "BAS8892"]
[Black "GP9isback23"]
[Result "0-1"]
[WhiteElo "2726"]
[BlackElo "2548"]
[TimeControl "180+1"]
[EndTime "10:18:18 PDT"]
[Termination "GP9isback23 won by resignation"]

1. d4 Nf6 2. Bf4 e6 3. e3 b6 4. Nd2 Bb7 5. c3 Be7 6. h3 O-O 7. Ngf3 d5 8. Bd3 c5 9. Ne5 Nc6 10. Qf3 Nxe5 11. dxe5 Nd7 12. h4 f6 13. Qg4 f5 14.
Qg3 c4 15. Bc2 Kh8 16. O-O-O b5 17. Nf3 b4 18. cxb4 a5 19. b5 a4 20. a3 c3 21.
h5 cxb2+ 22. Kb1 Qa5 23. Nd4 Nc5 24. e4 dxe4 25. Bd2 Qb6 26. Bb4 Bd5 27. f3 e3 28.
f4 e2 29. Rd2 Ne4 30. Bxe4 Bxe4+ 31. Kxb2 Bxb4 32. axb4 a3+ 33. Ka1 Rfd8 34. h6 Ra7 35.
Nxe6 Rxd2 36. hxg7+ Kg8 37. Qc3 Rd1+ 38. Ka2 Bd5+ 0-1

[Event "*** Titled Tuesday Blitz"]
[Site "Chess.com"]
[Date "2021.04.27"]
[Round "2"]
[White "riospm"]
[Black "RobertoJBM"]
[Result "1-0"]
[WhiteElo "2531"]
[BlackElo "2716"]
[TimeControl "180+1"]
[EndTime "10:18:18 PDT"]
[Termination "riospm won on time"]

1. e4 c6 2. d4 d5 3. Nd2 dxe4 4.
Nxe4 Nd7 5. Nf3 Ngf6 6. Nxf6+ Nxf6 7. Bc4 Nd5 8. h3 Bf5 9. O-O e6 10. c3 Be7 11. Re1 O-O 12. Qe2 a5 13. Ne5 h6 14.
a3 Rc8 15. Be3 c5 16. dxc5 Nxe3 17. Qxe3 Bxc5 18. Qe2 Qc7 19. Rad1 Bd6 20. Bb5 Rfd8 21. Nc4 Bc5 22. Ne3 Bh7 23. a4 Rxd1 24. Rxd1 Rd8 25.
Rxd8+ Qxd8 26. Ng4 Bf5 27. Ne5 f6 28. Nd7 Qe7 29. g4 Bg6 30. Nxc5 Qxc5 31. Qxe6+ Bf7 32. Qe3 Qd6 33. Qd4 Qe7 34. Kg2 h5 35. b4 hxg4 36. hxg4 axb4 37. cxb4 f5 38. f3 fxg4 39. fxg4 Qg5 40.
Kg3 Qc1 41. Qd8+ Kh7 42. Bd3+ g6 43. Qd4 Qd2 44. Bxg6+ 1-0

[Event "*** Titled Tuesday Blitz"]
[Site "Chess.com"]
[Date "2021.04.27"]
[Round "2"]
[White "VladaSviridova"]
[Black "profofchess"]
[Result "1-0"]
[WhiteElo "2292"]
[BlackElo "2477"]
[TimeControl "180+1"]
[EndTime "10:18:19 PDT"]
[Termination "VladaSviridova won by checkmate"]

1. d4 Nf6 2. c4 e6 3. Nf3 c5 4. d5 exd5 5. cxd5 d6 6. Nc3 g6 7. h3 Bg7 8. e4 O-O 9. Bd3 Bd7 10.
a4 Re8 11. O-O c4 12. Bc2 Na6 13. Bf4 Qb6 14. Qc1 Nc5 15. a5 Qc7 16. Nd2 Nd3 17.
Bxd3 cxd3 18. Qb1 Nh5 19. Be3 f5 20. Qxd3 Re7 21. Bd4 Nf4 22. Qf3 Bxd4 23. Qxf4 Rf8 24. exf5 Be5 25. Qc4 Qd8 26. fxg6 hxg6 27. f4 Bf6 28.
Nde4 Bg7 29. Ng5 Qe8 30. Qd3 Re3 31. Qd2 Bf5 32. Rae1 Rxe1 33. Rxe1 Qd8 34. g4 Bd7 35. Qd3 Rxf4 36. Qxg6 Qf8 37. Qh7# 1-0

[Event "*** Titled Tuesday Blitz"]
[Site "Chess.com"]
[Date "2021.04.27"]
[Round "2"]
[White "ChampStan"]
[Black "BvsN"]
[Result "1-0"]
[WhiteElo "2107"]
[BlackElo "2363"]
[TimeControl "180+1"]
[EndTime "10:18:21 PDT"]
[Termination "ChampStan won by checkmate"]

1. e4 c5 2. Nf3 e6 3. d4 cxd4 4. Nxd4 a6 5. c4 Nf6 6. Nc3 Qc7 7. f3 Bd6 8. g3 h5 9. f4 Bb4 10. Qf3 b5 11. Bd2 Bb7 12. Bd3 bxc4 13. Bc2 Nc6 14.
Nxc6 Qxc6 15. O-O-O O-O 16. Qe2 Bxc3 17. Bxc3 Nxe4 18.
Bd4 g6 19. Rhe1 d5 20. g4 h4 21. f5 c3 22. Qe3 cxb2+ 23. Kb1 e5 24. Bxe5 f6 25. Bxb2 Rac8 26. Bb3 Kg7 27. fxg6 d4 28. Qxd4 Rfd8 29. Qxd8 Rxd8 30. Rxd8 Nc3+ 31. Ka1 a5 32. Rg8+ Kh6 33. Bc1# 1-0

[Event "*** Titled Tuesday Blitz"]
[Site "Chess.com"]
[Date "2021.04.27"]
[Round "2"]
[White "Grandelicious"]
[Black "elextranjero00"]
[Result "1-0"]
[WhiteElo "2840"]
[BlackElo "2562"]
[TimeControl "180+1"]
[EndTime "10:18:22 PDT"]
[Termination "Grandelicious won by resignation"]

1. d4 Nf6 2. Nf3 e6 3. Bg5 h6 4.
Bh4 b6 5. Nbd2 c5 6. e3 cxd4 7. exd4 Be7 8. Bd3 Ba6 9. Bxa6 Nxa6 10. O-O O-O 11. Re1 Qc8 12. Ne4 Nxe4 13. Bxe7 Re8 14. Bh4 Nd6 15. c3 Nf5 16. Bg3 Nxg3 17. hxg3 Qb7 18.
g4 f6 19. Nd2 Nc7 20. Ne4 Qc6 21. Qd3 Nd5 22. c4 Ne7 23. b3 d5 24. Nd2 dxc4 25. bxc4 Rad8 26. Re3 Qd6 27. Nf3 Nc6 28. Rd1 Qf4 29. Re4 Qd6 30. Qe2 Re7 31. d5 exd5 32. Rxd5 Qc7 33. Rxe7 Nxe7 34. Qe6+ Kf8 35. Nh4 Rxd5 36.
cxd5 Qe5 37. Qd7 Qxd5 38. Ng6+ 1-0

[Event "*** Titled Tuesday Blitz"]
[Site "Chess.com"]
[Date "2021.04.27"]
[Round "2"]
[White "chesslh19"]
[Black "StarkAst"]
[Result "0-1"]
[WhiteElo "2282"]
[BlackElo "2506"]
[TimeControl "180+1"]
[EndTime "10:18:22 PDT"]
[Termination "StarkAst won on time"]

1. e4 e6 2. d4 d5 3. Nd2 Nf6 4. e5 Nfd7 5. Bd3 c5 6. c3 Nc6 7. Ne2 cxd4 8. cxd4 f6 9. exf6 Nxf6 10. O-O Bd6 11. Nf3 O-O 12. Bf4 Bxf4 13. Nxf4 Ne4 14.
Qc1 Ng5 15. Nxg5 Qxg5 16. Ne2 Qf6 17. Qe3 Bd7 18. Rad1 Rae8 19. Bb5 Nb8 20. Bd3 Nc6 21. Bb5 Nb8 22. Bd3 e5 23. dxe5 Rxe5 24. Qxa7 Bc6 25.
Nd4 Rg5 26. Be2 Nd7 27. Nxc6 Qxc6 28. Qe3 Re5 29. Qd2 Nc5 30. Bf3 Ne4 31. Bxe4 dxe4 32.
Qe3 Ref5 33. Rd2 Kh8 34. h3 h6 35. Re1 Rf4 36. Rde2 Qg6 37. Qg3 Qf5 38. Rf1 Rf6 39.
Qe3 Rg6 40. Kh2 Rh4 41. Qc3 Kh7 42. Qe3 Qe5+ 43. Kg1 Qh5 44. Rd2 Rxh3 0-1

[Event "*** Titled Tuesday Blitz"]
[Site "Chess.com"]
[Date "2021.04.27"]
[Round "2"]
[White "Caterpiller35"]
[Black "ChadBiryani"]
[Result "0-1"]
[WhiteElo "2482"]
[BlackElo "2299"]
[TimeControl "180+1"]
[EndTime "10:18:22 PDT"]
[Termination "ChadBiryani won on time"]

1. d4 d5 2. Bf4 Nf6 3. e3 e6 4. Nd2 Bd6 5. Bg3 Nbd7 6. Ngf3 Qe7 7. Ne5 O-O 8. Bd3 Ne8 9. c3 f6 10. Bxh7+ Kxh7 11. Qh5+ Kg8 12. Ng6 Qd8 13. O-O-O f5 14. Nf3 Nef6 15. Qh8+ Kf7 16. Nxf8 Qxf8 17. Qh4 Bxg3 18.
Ng5+ Ke7 19. hxg3 c5 20. dxc5 Nxc5 21. f3 Bd7 22. Qb4 b6 23. e4 fxe4 24. fxe4 Nxe4 25. Nxe4 dxe4 26. Rhf1 Qh8 27. Qd4 Nd3+ 28. Kb1 Bc6 29. Rh1 Qg8 30. Qe3 Qf7 31. Rdf1 Qg6 32. Rh4 Rf8 33.
Rxf8 Kxf8 34. Qd4 Ke7 35. Rh8 Bd7 36. Ra8 Qxg3 0-1

[Event "*** Titled Tuesday Blitz"]
[Site "Chess.com"]
[Date "2021.04.27"]
[Round "2"]
[White "Valeron87"]
[Black "halldorgretar"]
[Result "1-0"]
[WhiteElo "2404"]
[BlackElo "2131"]
[TimeControl "180+1"]
[EndTime "10:18:22 PDT"]
[Termination "Valeron87 won on time"]

1. e4 e5 2. Nf3 Nc6 3. Nc3 Nf6 4. g3 Bc5 5. Bg2 O-O 6. O-O a6 7. d3 d6 8. h3 h6 9. Kh2 Be6 10. Nd2 Nh7 11. f4 f5 12. exf5 Bxf5 13. g4 Bd7 14.
Nde4 Bd4 15. f5 Qh4 16. Nd5 Rac8 17. c3 Ba7 18. Bd2 Nb8 19. f6 Nxf6 20. Ndxf6+ Rxf6 21. Rxf6 gxf6 22. Be1 Bxg4 23. Bxh4 Bxd1 24. Nxf6+ Kg7 25. Rxd1 Rf8 26. Bxb7 Be3 27. Be4 Bf4+ 28. Kh1 Kf7 29.
Nd5 c6 30. Nxf4 exf4 31. Rf1 Ke6 32. d4 d5 33. Bd3 Nd7 34. Bg3 f3 35. Rf2 1-0

[Event "*** Titled Tuesday Blitz"]
[Site "Chess.com"]
[Date "2021.04.27"]
[Round "2"]
[White "MartinMatthiesen"]
[Black "Steegersee"]
[Result "1-0"]
[WhiteElo "2440"]
[BlackElo "2218"]
[TimeControl "180+1"]
[EndTime "10:18:23 PDT"]
[Termination "MartinMatthiesen won by resignation"]

1. d4 Nf6 2. c4 e6 3. Nc3 Bb4 4. Qc2 O-O 5. a3 Bxc3+ 6. Qxc3 b5 7. cxb5 c6 8. f3 cxb5 9. e4 a6 10. Bd3 Nc6 11. Ne2 Bb7 12. Be3 Rc8 13. Qd2 Na5 14.
Qd1 d6 15. O-O e5 16. Bg5 h6 17. Bh4 g5 18. Bf2 Qe7 19. Ng3 Qd7 20. Nf5 Kh7 21.
Bg3 Nc6 22. Rc1 Nh5 23. Bb1 Rfd8 24. Bf2 Ne7 25. Qb3 Nxf5 26. exf5 f6 27. Rfd1 Ng7 28. Rxc8 Qxc8 29. dxe5 dxe5 30. Re1 Qd7 31. Bb6 Rc8 32. Rd1 Qc6 33. Be3 e4 34. Bxe4 Qxe4 35. fxe4 Bxe4 36.
Qf7 Rc2 37. Rd2 Rc1+ 38. Kf2 1-0

[Event "*** Titled Tuesday Blitz"]
[Site "Chess.com"]
[Date "2021.04.27"]
[Round "2"]
[White "elohunter1999"]
[Black "Skat2704"]
[Result "0-1"]
[WhiteElo "2483"]
[BlackElo "2687"]
[TimeControl "180+1"]
[EndTime "10:18:24 PDT"]
[Termination "Skat2704 won on time"]

1. d4 d5 2. c4 e6 3. Nf3 Nf6 4. g3 dxc4 5. Bg2 Nc6 6. O-O Rb8 7. e3 Be7 8. Nfd2 O-O 9. Nxc4 b5 10. Bxc6 bxc4 11.
Nd2 Ba6 12. Qa4 Qc8 13. a3 c3 14. bxc3 Bxf1 15. Nxf1 Nd5 16. Bd2 Rb6 17. c4 Nf6 18. c5 Rb8 19. Bb4 Nd5 20. Nd2 Rd8 21. Nc4 Bf6 22. Na5 Qa6 23. Rd1 e5 24. dxe5 Nxb4 25.
axb4 Rxd1+ 26. Qxd1 Bxe5 27. Bb7 Qf6 28. Qd5 h6 29. b5 Bc3 30. Nc4 Be1 31. f4 Bb4 32. Ne5 Bxc5 33. Kf2 Bb6 34. Kf3 Rd8 35. Nd7 Qe7 36.
Bc6 Qxe3+ 37. Kg2 Qe2+ 38. Kh3 Qe7 39. f5 Qg5 40. Qe4 Qh5+ 41. Kg2 Qd1 42. f6 g6 43. Qe7 Qg1+ 44. Kh3 Qf1+ 45. Kh4 Qc4+ 46. Be4 Rxd7 0-1

[Event "*** Titled Tuesday Blitz"]
[Site "Chess.com"]
[Date "2021.04.27"]
[Round "2"]
[White "guillembaches"]
[Black "BJthechessgod"]
[Result "1-0"]
[WhiteElo "2509"]
[BlackElo "2283"]
[TimeControl "180+1"]
[EndTime "10:18:24 PDT"]
[Termination "guillembaches won on time"]

1. d4 Nf6 2. c4 e6 3. Nc3 Bb4 4. e3 c5 5. Ne2 cxd4 6. exd4 d5 7.
a3 Bxc3+ 8. Nxc3 O-O 9. c5 Nc6 10. Bb5 Bd7 11. O-O a6 12. Ba4 Rc8 13. Bf4 b5 14. Bc2 Re8 15. Re1 h6 16. Qd3 b4 17.
Na4 Na5 18. Nb6 Bb5 19. Qf3 Nc6 20. Nxc8 Nxd4 21. Qd1 Nxc2 22. Qxc2 Qxc8 23. axb4 Ne4 24. f3 Nf6 25. Be5 Nd7 26. Qc3 f6 27. Bd6 e5 28.
Rad1 d4 29. Qb3+ Kh8 30. f4 d3 31. fxe5 fxe5 32. Re4 Bc6 33. Qxd3 Bxe4 34. Qxe4 Nf6 35. Qc4 Qc6 36. Qf7 e4 37. Rf1 Ng8 38. Bf8 Rxf8 39.
Qxf8 e3 40. Qf3 Qe6 41. Re1 Nf6 42.
Qxe3 Qc4 43. Qd2 Ne4 44. Qe3 1-0

[Event "*** Titled Tuesday Blitz"]
[Site "Chess.com"]
[Date "2021.04.27"]
[Round "2"]
[White "atwalcb"]
[Black "retropwr"]
[Result "1-0"]
[WhiteElo "2443"]
[BlackElo "2226"]
[TimeControl "180+1"]
[EndTime "10:18:24 PDT"]
[Termination "atwalcb won on time"]

1. d4 d6 2. e4 Nf6 3. Nc3 e5 4.
f4 exd4 5. Qxd4 Be7 6. Bb5+ c6 7. Bd3 O-O 8. Nf3 d5 9. e5 Nfd7 10. Qf2 f6 11. Qh4 g6 12. Qg3 Qe8 13. Bd2 fxe5 14.
fxe5 Bf6 15. O-O-O Nxe5 16. Rde1 Nxd3+ 17. cxd3 Qd7 18. Bh6 Bg7 19. Bf4 Na6 20. Bd6 Rd8 21. Be5 Qg4 22. Qf2 Bd7 23. h3 Qf5 24. g4 Qf7 25. Bxg7 Qxg7 26.
Ne5 Rf8 27. Qg3 Rae8 28. d4 Re7 29. Kb1 Rfe8 30. h4 Nc7 31. h5 g5 32. h6 Qf6 33.
Ref1 Qd6 34. Qe3 Ne6 35. Rf6 Kh8 36. Rhf1 Rg8 37. Rf7 Nf4 38. R1xf4 gxf4 39. Qxf4 1-0

[Event "*** Titled Tuesday Blitz"]
[Site "Chess.com"]
[Date "2021.04.27"]
[Round "2"]
[White "Artem_Sadovsky"]
[Black "Loy_Konstantin"]
[Result "1-0"]
[WhiteElo "2698"]
[BlackElo "2390"]
[TimeControl "180+1"]
[EndTime "10:18:25 PDT"]
[Termination "Artem_Sadovsky won on time"]

1. Nf3 c5 2. b3 Nc6 3. Bb2 d6 4. e3 e5 5. d4 cxd4 6. exd4 e4 7. Nfd2 d5 8. c4 dxc4 9. Bxc4 Nf6 10. O-O Bd6 11. Nxe4 Nxe4 12. Re1 Bxh2+ 13. Kf1 O-O 14. Rxe4 Bd6 15. Qh5 Qf6 16. Nc3 Bf5 17. Rae1 Qg6 18.
Rh4 Qxh5 19. Rxh5 Bg6 20. Rb5 Nxd4 21. Rxb7 Rfe8 22. Rxe8+ Rxe8 23. Rxa7 Nc2 24. Ne2 Bc5 25. Rc7 Bb6 26. Bxf7+ Bxf7 27. Rxc2 Bg6 28. Rd2 Ba5 29. Bc3 Bb6 30. Nd4 Rf8 31. a4 Bf7 32. b4 Bc4+ 33. Kg1 Rf4 34. a5 Ba7 35. Nc6 1-0

[Event "*** Titled Tuesday Blitz"]
[Site "Chess.com"]
[Date "2021.04.27"]
[Round "2"]
[White "Zq1"]
[Black "kakarot_001"]
[Result "1-0"]
[WhiteElo "2529"]
[BlackElo "2698"]
[TimeControl "180+1"]
[EndTime "10:18:26 PDT"]
[Termination "Zq1 won by resignation"]

1. Nf3 Nf6 2. c4 e6 3. Nc3 d5 4. d4 Be7 5. Bf4 O-O 6. e3 b6 7.
cxd5 exd5 8. Bd3 Bb7 9. O-O Nbd7 10. Rc1 a6 11. Ne5 Nxe5 12. dxe5 Nd7 13. Qh5 g6 14.
Qh3 Nc5 15. Bb1 Bg5 16. Rfd1 Ne6 17. Ne4 Nxf4 18. exf4 Bc8 19. Qf3 Bh4 20. Rxd5 Qe8 21. Rxc7 Be6 22. Rd6 Qb5 23. g3 Qxb2 24. gxh4 Qxb1+ 25. Kg2 Bf5 26. Nf6+ Kg7 27. h5 Rac8 28. Rdc6 Rxc7 29.
Rxc7 Rd8 30. h6+ Kh8 31. Rxf7 g5 32. Qb7 Bh3+ 33. Kxh3 Qf1+ 34. Kg4 Qg1+ 35. Kf5 Qb1+ 36. Qe4 1-0

[Event "*** Titled Tuesday Blitz"]
[Site "Chess.com"]
[Date "2021.04.27"]
[Round "2"]
[White "rynos0411"]
[Black "Nozdrachev_Vladislav"]
[Result "0-1"]
[WhiteElo "2500"]
[BlackElo "2712"]
[TimeControl "180+1"]
[EndTime "10:18:26 PDT"]
[Termination "Nozdrachev_Vladislav won by checkmate"]

1. d4 Nf6 2. c4 e6 3. Nf3 b6 4. g3 Ba6 5. b3 d5 6. Bg2 Bd6 7. O-O O-O 8. Nc3 Nbd7 9. cxd5 exd5 10. Bg5 h6 11. Bf4 Bxf4 12. gxf4 c5 13. Ne5 cxd4 14. Qxd4 Nc5 15. Rfe1 Ne6 16. Qd2 d4 17. Ne4 Nxe4 18.
Bxe4 Rc8 19. Rac1 Qh4 20. e3 Ng5 21. fxg5 Rxc1 22. Rxc1 Qxe4 23. Qxd4 Qf5 24. gxh6 Qg5+ 25. Kh1 Bb7+ 26. f3 Qxh6 27. Rc7 Ba8 28. Qf4 Qh3 29. Kg1 Bd5 30. Rd7 Be6 31. Rd1 Rc8 32. Ng4 Qh5 33.
Qg3 Kh8 34. Ne5 Rc2 35. Rd8+ Kh7 36. f4 Rc1+ 37. Kf2 Rc2+ 38. Ke1 Qe2# 0-1

[Event "*** Titled Tuesday Blitz"]
[Site "Chess.com"]
[Date "2021.04.27"]
[Round "2"]
[White "viktorgen2021"]
[Black "poppy73"]
[Result "0-1"]
[WhiteElo "2398"]
[BlackElo "2181"]
[TimeControl "180+1"]
[EndTime "10:18:26 PDT"]
[Termination "poppy73 won by checkmate"]

1. d4 Nf6 2. Nf3 g6 3. g3 Bg7 4. Bg2 d6 5. O-O O-O 6. a4 Nc6 7. Nc3 e5 8. e4 Bg4 9. dxe5 dxe5 10. Qxd8 Raxd8 11. Bg5 Bxf3 12. Bxf3 Nd4 13. Bd1 c6 14. a5 h6 15. Be3 Nd7 16. b4 f5 17. Rb1 a6 18. f3 f4 19. Bc1 fxg3 20. hxg3 g5 21. Kg2 Rf6 22. Ne2 Nf8 23. Be3 Nfe6 24. c3 Nb5 25. Bb3 Rd3 26. Kf2 Nxc3 27. Bc4 Nxe4+ 28. Kg2 Rxe3 29. fxe4 Kf7 30. Rf5 Ke7 31. Rxe5 Rg6 32.
Rf5 Rxe4 33. Bd3 Re3 34. Rd1 Nd4 35. Nxd4 Bxd4 36. Rf2 Rd6 37. Rfd2 Be5 38. g4 Bf4 39. Kf1 Rg3 40. Re2+ Kf6 41. Bc2 Rxd1+ 42. Bxd1 Rxg4 43. Re8 Rg3 44. Rf8+ Kg7 45. Rd8 Re3 46. Rd7+ Kf6 47. Rxb7 h5 48. Rb6 g4 49. Rxc6+ Kg5 50. Kg2 h4 51. Rc5+ Re5 52. Rc6 h3+ 53. Kf2 g3+ 54. Kf3 Re3# 0-1

[Event "*** Titled Tuesday Blitz"]
[Site "Chess.com"]
[Date "2021.04.27"]
[Round "2"]
[White "kinga2008"]
[Black "c_r_e_e_p_e_r"]
[Result "0-1"]
[WhiteElo "2122"]
[BlackElo "2402"]
[TimeControl "180+1"]
[EndTime "10:18:26 PDT"]
[Termination "c_r_e_e_p_e_r won by checkmate"]

1. d4 Nf6 2. c4 g6 3. Nc3 Bg7 4.
e4 O-O 5. e5 Ne8 6. Nf3 d6 7.
Bf4 Nd7 8. exd6 exd6 9. Bd3 a6 10. h4 Nef6 11. O-O Re8 12. Ng5 Nf8 13. Nge4 Nh5 14.
Bg5 f6 15. Be3 Ne6 16. g4 Nhf4 17. d5 Nxd3 18. Qxd3 Nc5 19. Nxc5 dxc5 20. f3 f5 21. Bg5 Qd6 22. f4 h6 23. gxf5 Bxf5 24. Qg3 hxg5 25. hxg5 Bd4+ 26. Kg2 Re3 27. Qh4 Bh3+ 28. Kh2 Bxf1 29.
Rxf1 Kf7 30. Kg2 Rh8 31. Qg4 Bxc3 32. bxc3 Qe7 33. Kg1 Rhh3 34. Kf2 Rh2+ 35. Kg1 Reh3 36. Rf2 Qe1+ 37. Rf1 Qe3+ 38. Rf2 Qxf2# 0-1

[Event "*** Titled Tuesday Blitz"]
[Site "Chess.com"]
[Date "2021.04.27"]
[Round "2"]
[White "gisela_roque"]
[Black "Kaua18"]
[Result "0-1"]
[WhiteElo "1881"]
[BlackElo "2348"]
[TimeControl "180+1"]
[EndTime "10:18:26 PDT"]
[Termination "Kaua18 won by resignation"]

1. c4 Nf6 2. Nf3 e6 3. g3 d5 4. b3 Be7 5. Bg2 O-O 6. O-O dxc4 7. bxc4 c5 8. d3 Nc6 9. Nc3 a6 10. Rb1 Qc7 11. Bf4 e5 12. Bg5 Be6 13. Nd2 Rfd8 14. Bxf6 Bxf6 15. Nde4 Be7 16. Na4 Nd4 17. e3 Nf5 18. Nec3 Rab8 19. Nb6 g6 20. Ncd5 Qd6 21. Nxe7+ Qxe7 22. Nd5 Qd6 23. Rb6 Qf8 24. Qb3 Nd6 25.
Nf6+ Kg7 26. Ne4 Nxe4 27. Bxe4 Rd7 28. Bxb7 Qd8 29. Rb1 Rxd3 30. Qb2 Bxc4 31. Qxe5+ Kg8 32. Qxc5 Rd1+ 33. Kg2 Rxb7 34. Rxb7 Bf1+ 35. Kf3 Qf6+ 36. Kg4 h5+ 0-1

[Event "*** Titled Tuesday Blitz"]
[Site "Chess.com"]
[Date "2021.04.27"]
[Round "2"]
[White "GelmanAlexander"]
[Black "debashisdebs"]
[Result "0-1"]
[WhiteElo "2595"]
[BlackElo "2936"]
[TimeControl "180+1"]
[EndTime "10:18:28 PDT"]
[Termination "debashisdebs won on time"]

1. d4 Nf6 2. Nc3 d5 3. Bf4 g6 4. e3 Bg7 5. h4 h5 6. Nf3 O-O 7. Qd2 c5 8. Ne5 Nc6 9. O-O-O cxd4 10. exd4 Bf5 11. f3 Nb4 12. Nd3 Nxd3+ 13. Bxd3 Qd7 14. Be5 Rac8 15. Kb1 a6 16. Qf4 Bxd3 17. Rxd3 Rfd8 18. g4 hxg4 19. Bxf6 Bxf6 20. fxg4 Qd6 21. Qf3 Bg7 22.
g5 Rc4 23. h5 Rxd4 24. hxg6 Qxg6 25. Rxd4 Bxd4 26. Nxd5 Qe6 27. Nf4 Qf5 28. g6 fxg6 29. Qb3+ Qf7 30. Qg3 Rd6 31. Qg4 Qf5 32. Qh4 Qf7 33.
a3 Bf6 0-1

[Event "*** Titled Tuesday Blitz"]
[Site "Chess.com"]
[Date "2021.04.27"]
[Round "2"]
[White "Abund"]
[Black "atbenina64"]
[Result "1-0"]
[WhiteElo "2749"]
[BlackElo "2516"]
[TimeControl "180+1"]
[EndTime "10:18:28 PDT"]
[Termination "Abund won by resignation"]

1. e4 c6 2. d4 d5 3. e5 Bf5 4.
Nd2 e6 5. Nb3 Nd7 6. Nf3 h6 7. Be2 Ne7 8. O-O Qc7 9. Bd2 g5 10.
Bb4 Ng6 11. Bxf8 Kxf8 12. Ne1 Nf4 13. Bg4 Bxg4 14. Qxg4 f5 15. exf6 Nxf6 16. Qf3 Kg7 17. g3 Ng6 18. Nd3 Rhf8 19. Nbc5 Rae8 20. Rae1 Ne4 21.
Qg4 Nd2 22. Nxe6+ Rxe6 23. Rxe6 Nxf1 24. Kxf1 Qf7 25. Re2 Qf6 26. Nc5 Rf7 27. c3 b6 28.
Nd3 Qd6 29. Re6 Qc7 30. h4 Rf6 31. hxg5 hxg5 32. Re8 Qf7 33. Re2 Kh6 34. Kg2 Ne7 35.
Ne5 Qe6 36. Qxe6 Rxe6 37. Ng4+ 1-0

[Event "*** Titled Tuesday Blitz"]
[Site "Chess.com"]
[Date "2021.04.27"]
[Round "2"]
[White "chessprincesa1"]
[Black "Dyadya81"]
[Result "0-1"]
[WhiteElo "2319"]
[BlackElo "2710"]
[TimeControl "180+1"]
[EndTime "10:18:28 PDT"]
[Termination "Dyadya81 won on time"]

1. d4 d5 2. c4 Nc6 3. e3 e5 4. cxd5 Qxd5 5. Nc3 Bb4 6. Nf3 exd4 7. exd4 Nf6 8. Be2 Ne4 9. Bd2 Bxc3 10. bxc3 O-O 11.
O-O Na5 12. Qa4 Bd7 13. c4 Bxa4 14. cxd5 Nxd2 15. Nxd2 Rad8 16. Bf3 c6 17. dxc6 Bxc6 18. Bxc6 Nxc6 19. Rab1 Nxd4 20. Rfe1 Rd7 21. Ne4 b6 22. Re3 Rfd8 23. h3 f6 24. Rc1 Kf7 25. Kh2 Re8 26.
Ng3 Rxe3 27. fxe3 Ne6 28. Rc3 Nc5 29. Ra3 a5 30. Nf5 Rd2 31. Nd4 h5 32. Kg3 g5 33.
Kf3 Kg6 34. Nb3 Rd3 35. Ke2 Rc3 36. Kd2 Ne4+ 37. Ke2 f5 38. Ra4 Rc2+ 39. Kd3 Rxg2 40. Rd4 h4 41. a4 Rb2 0-1

[Event "*** Titled Tuesday Blitz"]
[Site "Chess.com"]
[Date "2021.04.27"]
[Round "2"]
[White "SPEEDSKATER"]
[Black "gross-aleks"]
[Result "0-1"]
[WhiteElo "2776"]
[BlackElo "2562"]
[TimeControl "180+1"]
[EndTime "10:18:29 PDT"]
[Termination "gross-aleks won by resignation"]

1. d4 Nf6 2. c4 e6 3. Nf3 b6 4. g3 Ba6 5. Nbd2 c5 6. Bg2 Bb7 7. e4 cxd4 8. O-O Nxe4 9. Ne5 d5 10. cxd5 exd5 11. Qa4+ Nd7 12. Bh3 Nc5 13. Qxd4 Qf6 14.
Ndf3 Bd6 15. Nxd7 Qxd4 16. Nxd4 Nxd7 17. Re1+ Kd8 18. Nf5 Be5 19. Bg5+ f6 20. Nxg7 fxg5 21. Ne6+ Ke7 22. Nxg5 Kf6 23. Nf3 Bxb2 24. Rab1 Ne5 25.
Nd2 Bc3 26. f4 Nc4 27. Re6+ Kf7 28. Nf3 h6 29. Rc1 Bf6 30. Rce1 Rhe8 31. Bg4 Rxe6 32. Bxe6+ Kg7 33. g4 Re8 34. g5 Bc3 35. Re2 Nd6 36. Kf2 d4 37. f5 hxg5 38. Nxg5 d3 39. Re3 Bd4 40. h4 d2 41. Ke2 Bxe3 42. Kxe3 d1=Q 0-1

[Event "*** Titled Tuesday Blitz"]
[Site "Chess.com"]
[Date "2021.04.27"]
[Round "2"]
[White "kaumandur01"]
[Black "ajdemipopushi"]
[Result "0-1"]
[WhiteElo "2740"]
[BlackElo "2343"]
[TimeControl "180+1"]
[EndTime "10:18:30 PDT"]
[Termination "ajdemipopushi won by checkmate"]

1. Nf3 c5 2. e4 g6 3. c3 d5 4.
e5 Nc6 5. d4 Bg4 6. Bb5 cxd4 7.
cxd4 Rc8 8. Nbd2 Qb6 9. Bxc6+ Rxc6 10. O-O e6 11. h3 Bxf3 12. Nxf3 Bg7 13. b3 Nh6 14.
Ba3 Bf8 15. Bb2 Be7 16. g4 O-O 17. Qd2 Kg7 18. Bc1 Ng8 19. Qf4 h6 20. h4 Rfc8 21.
Be3 Rc3 22. Rfc1 Qd8 23. Rxc3 Rxc3 24. g5 h5 25. Rc1 Qc8 26. Kg2 Rxc1 27. Bxc1 Qc2 28.
Qd2 Qe4 29. Qe3 Qb1 30. a4 Bb4 31. Bd2 Bxd2 32. Nxd2 Qc2 33. Qf4 Qd3 34. Qe3 Qf5 35. f3 Ne7 36. Qc3 Qf4 37. Nf1 Nf5 38. Qc8 Nxh4+ 39.
Kh3 Nxf3 40. Qd8 Nxg5+ 41. Kg2 Ne4 42. Nh2 Qg3+ 43. Kf1 Qf2# 0-1